 Dungeon Crawl Stone Soup version 0.27-a0-1291-geefcff550b (webtiles) character file.

Game seed: 8353266289488472017

7 flotson the Sneak (level 1, -1/18 HPs)
             Began as a Demonspawn Delver on June 16, 2021.
             Slain by a river rat (5 damage)
             ... on level 4 of the Dungeon.
             The game lasted 00:00:40 (248 turns).

flotson the Sneak (Demonspawn Delver)                Turns: 248, Time: 00:00:40

Health: -1/18      AC:  3    Str: 12    XL:     1   Next: 91%
Magic:  1/1        EV:  9    Int: 11    God:
Gold:   16         SH:  7    Dex: 14    Spells: 0/0 levels left

rFire    . . .     SeeInvis .   a - +0 hand axe
rCold    . . .     Faith    .   k - +0 kite shield
rNeg     . . .     Spirit   .   b - +0 leather armour
rPois    .         Reflect  .   (no helmet)
rElec    .         Harm     .   (no cloak)
rCorr    .         Rampage  .   (no gloves)
Will     .....                  (no boots)
Stlth    ++........             (no amulet)
HPRegen  0.06/turn              (no ring)
MPRegen  0.07/turn              (no ring)

@: hasted, very quick
A: no striking features
a: no special abilities


You were on level 4 of the Dungeon.
You visited 1 branch of the dungeon, and saw 2 of its levels.

You collected 16 gold pieces.

Inventory:

Hand Weapons
 a - a +0 hand axe (weapon)
Armour
 b - a +0 leather armour (worn)
 k - a +0 kite shield (worn)
Wands
 g - a wand of digging (3)
Scrolls
 c - a scroll of fog
 d - a scroll of magic mapping
 e - a scroll of fear
 h - a scroll of teleportation {unknown}
 j - a scroll of holy word {unknown}
Potions
 i - a potion of curing {unknown}


   Skills:
 + Level 3.1 Fighting
 + Level 1.9 Axes
 + Level 0.3 Armour
 + Level 1.9 Dodging
 - Level 4.5 Stealth
 + Level 0.3 Shields


You couldn't memorise any spells.
You didn't know any spells.
Your spell library was empty.

Dungeon Overview and Level Annotations

Branches:
Dungeon (5/15)
 Temple: D:4-7

Altars:

Portals:
Sewer: D:4


Message History

The rat bites you but does no damage.
You enter the shallow water.
Moving in this stuff is going to be slow.
The rat bites you. The rat closely misses you. You block the rat's attack.
You open the large door.
A rat, a river rat and a giant cockroach come into view.
The river rat bites you but does no damage.
The rat splashes around in the water. x2
Found a glowing drain.
You hear the slow rusting of a drain.
The rat bites you.
There is a large open door here.
You completely miss the rat. You barely miss the giant cockroach.
You hit the rat.
You kill the rat!
You hit the river rat but do no damage. The giant cockroach barely misses you.
You block the rat's attack. You block the giant cockroach's attack.
You hit the rat but do no damage. You barely miss the giant cockroach.
You hit the rat but do no damage. You closely miss the rat.
You closely miss the river rat. You block the river rat's attack.
The giant cockroach bites you but does no damage.
The rat bites you but does no damage. The rat bites you.
You hit the river rat but do no damage. You hit the river rat.
You closely miss the rat. x2; You barely miss the giant cockroach.
The river rat bites you. The giant cockroach barely misses you.
You block the rat's attack. The rat bites you.
* * * LOW HITPOINT WARNING * * *
Unknown command.
You closely miss the river rat. You hit the river rat but do no damage.
You hit the rat.
You kill the rat!
You hit the rat.
You kill the rat!
You hit the giant cockroach but do no damage.
You block the river rat's attack.
The river rat bites you but does no damage.
The giant cockroach bites you but does no damage.
You hit the river rat but do no damage. You closely miss the river rat.
You hit the giant cockroach. The river rat bites you.
You die...

##########
#####
#≈≈≈#≈≈≈.#
##...##
#≈∩B#≈≈≈.#
#..#..#
#≈rr@≈≈..#
#.###.#
####r≈...#
#..##.##
#≈≈≈≈≈≈..#
##.##..#
#..≈.....#
#.###.#
#≈≈≈.....#
#.# #.#
#........#
#.###.#
####..####
#.##..#
#.##
#.##.##
#.#
###.##..#


You could see 2 river rats, a giant cockroach and a rat.

Vanquished Creatures
  2 ball pythons (D:4)
  2 jackals (D:4)
  3 rats (D:4)
7 creatures vanquished.

Notes
Turn   | Place    | Note
-------+----------+-------------------------------------------
     0 | D:5      | flotson the Demonspawn Delver began the quest for the Orb.
     0 | D:5      | Reached XP level 1. HP: 18/18 MP: 1/1
   242 | D:4      | Found a glowing drain.
   248 | D:4      | Slain by a river rat

Illustrated notes

Levels and vault maps discovered:
D:4:      layout_loops_ring, portal_sewer_entry_e, serial_park_tiny_2,
          corexii_checkpoint_b, minmay_misc_feat_tiny, uniq_ijyb
D:5:      layout_loops_ring

Action                   || total
-------------------------++-------
Melee: Hand axe          ||    11
  Use: Potion            ||     1
Armor: Leather armour    ||     7
Dodge: Dodged            ||     3
Block: Kite shield       ||     7

Table legend: (Time is in decaauts)
 A = Elapsed time spent in this place.
 B = Non-inter-level travel time spent in this place.
 C = Inter-level travel time spent in this place.
 D = Time resting spent in this place.
 E = Time spent auto-exploring this place.
 F = Levels seen in this place.
 G = Mean time per level.
                   A        B        C        D        E       F      G
               +--------+--------+--------+--------+--------+-----+--------+
         Total |    247 |    247 |      0 |      0 |    183 |   2 |  123.5 |
       Dungeon |    247 |    247 |      0 |      0 |    183 |   2 |  123.5 |
               +--------+--------+--------+--------+--------+-----+--------+

Top non-repeatable levels by time:
     D:4: 206 daAuts
     D:5: 41 daAuts
